 Dungeon Crawl Stone Soup version 0.16-a0-3699-g1c51eb1 (webtiles) character file.

42 Kalaidos the Sneak (level 3, -1/30 HPs)
             Began as a Draconian Assassin on Jan 18, 2015.
             Slain by an orc
             ... wielding a cursed -3 trident
              (5 damage)
             ... on level 3 of the Dungeon on Jan 19, 2015.
             The game lasted 00:09:44 (1348 turns).

Kalaidos the Sneak (Draconian Assassin)             Turns: 1348, Time: 00:09:44

Health: -1/30      AC:  6    Str: 14    XL:     3   Next: 33%
Magic:  3/3        EV: 12    Int: 11    God:
Gold:   144        SH:  0    Dex: 12    Spells: 0 memorised, 2 levels left

rFire  . . .     SeeInvis .     a - +2 dagger
rCold  . . .     Clarity  .     (armour unavailable)
rNeg   . . .     SustAb   .     (no shield)
rPois  .         Gourm    .     (helmet restricted)
rElec  .         Spirit   .     d - +0 cloak
rCorr  .         Warding  .     (no gloves)
rMut   .         Stasis   .     (no boots)
MR     .....                    (no amulet)
Stlth  ++........               (no ring)
                                (no ring)

@: not resistant to hostile enchantments, unstealthy
A: unfitting armour, cold-blooded, AC +5
a: no special abilities


You were on level 3 of the Dungeon.
You were not hungry.

You visited 1 branch of the dungeon, and saw 3 of its levels.

You collected 144 gold pieces.

Inventory:

Hand weapons
 a - a +2 dagger (weapon)
 b - a +0 blowgun
 j - a +0 club
Missiles
 e - 8 poisoned needles
 f - 2 curare-tipped needles
Armour
 d - a +0 cloak (worn)
Jewellery
 m - an uncursed amulet of the gourmand {unknown}
 p - a +3 ring of intelligence {unknown}
Scrolls
 h - a scroll of random uselessness {unknown}
 l - a scroll of enchant weapon {unknown}
 o - a scroll of identify {unknown}
Potions
 c - a potion of curing {unknown}
 i - a potion of resistance {unknown}
 q - a potion of cancellation {unknown}
Comestibles
 g - a bread ration
 k - 7 fruits


   Skills:
 + Level 2.3 Fighting
 + Level 2.1 Short Blades
 + Level 1.9 Throwing
 + Level 1.8 Dodging
 + Level 4.2 Stealth


You had 2 spell levels left.
You didn't know any spells.

Dungeon Overview and Level Annotations

Branches:
Dungeon (3/15)

Altars:
Ashenzari
Dithmenos
Yredelemnul


Innate Abilities, Weirdness & Mutations

Your plain brown scales are hard (AC +5).
Your body does not fit into most forms of armour.
Your cold-blooded metabolism reacts poorly to cold.


Message History

You completely miss the orc. The orc hits you but does no damage.
The orc hits you but does no damage.
The orc hits you from afar with a trident.
You hit the orc.
The orc is heavily wounded.
The orc hits you. The orc misses you.
You hit the orc.
The orc is severely wounded.
The orc closely misses you.
The giant cockroach bites you but does no damage.
The orc hits you.
* * * LOW HITPOINT WARNING * * *
The orc hits you with a mace.
* * * LOW HITPOINT WARNING * * *
You hit the giant cockroach.
You kill the giant cockroach!
The orc hits you.
* * * LOW HITPOINT WARNING * * *
The orc hits you from afar with a trident.
You die...

##. #.. .. .### #.#
..........## #
#?##.............
#.._..#..##.........
.#.#...# #./.....##
bo....# #.......#⌠ ####
#oo..# #..?....#.
......##@..# #....##.##
.........########...#....
.............(......+...+
........#########...#...#
....... #...#.##. .......
#......#. .......
#......#⌠
.....##########......#.
...##.........b.......


You could see 3 orcs and a bat.

Vanquished Creatures
  A worm (D:2)
  A giant gecko (D:3)
  An orc (D:3)
  4 bats
  4 giant cockroaches
  4 goblins
  6 hobgoblins
  3 kobolds
  2 giant newts
  6 rats
  A spectral orc (D:3)
33 creatures vanquished.

Notes
Turn   | Place    | Note
--------------------------------------------------------------
     0 | D:1      | Kalaidos, the Draconian Assassin, began the quest for the Orb.
     0 | D:1      | Reached XP level 1. HP: 17/17 MP: 1/1
    89 | D:1      | Reached skill level 1 in Dodging
   178 | D:1      | Reached XP level 2. HP: 11/24 MP: 2/2
   222 | D:1      | Reached skill level 4 in Stealth
  1101 | D:2      | Reached XP level 3. HP: 2/30 MP: 3/3
  1149 | D:3      | Found a shattered altar of Ashenzari.
  1242 | D:3      | Found a basalt altar of Yredelemnul.
  1332 | D:3      | Found a shadowy altar of Dithmenos.
  1348 | D:3      | Slain by an orc

Action                   || total
-------------------------++-------
Melee: Dagger            ||   112
 Stab: Sleeping          ||     2
  Eat: Meat ration       ||     1
